 Dungeon Crawl Stone Soup version 0.29-a0-555-g3b24f45cc1 (webtiles) character file.

Game seed: 7152766512171640493

418 zishaf the Skirmisher (level 6, 0/51 HPs)
             Began as a Demigod Wanderer on June 7, 2022.
             Slain by an iguana (5 damage)
             ... on level 4 of the Dungeon.
             The game lasted 00:09:42 (4499 turns).

zishaf the Skirmisher (Demigod Wanderer)            Turns: 4499, Time: 00:09:43

Health: 0/51       AC: 11    Str: 12    XL:     6   Next: 34%
Magic:  13/13      EV: 10    Int: 20    God:
Gold:   147        SH:  0    Dex: 16    Spells: 6/11 levels left

rFire   + . .      SeeInvis .   a - +2 mace
rCold   . . .      Faith    .   (no shield)
rNeg    + . .      Spirit   .   s - +0 ring mail {rF+}
rPois   .          Reflect  .   m - +0 helmet
rElec   .          Harm     .   p - +2 cloak "Nazu" {rN+}
rCorr   .          Rampage  .   b - +1 pair of gloves
Will    .....                   (no boots)
Stlth   +.........              (no amulet)
HPRegen 0.17/turn               (no ring)
MPRegen 0.13/turn               (no ring)

@: no status effects
A: high MP 1, forlorn, divine attributes
a: no special abilities


You were on level 4 of the Dungeon.
You visited 1 branch of the dungeon, and saw 4 of its levels.

You collected 147 gold pieces.

Inventory:

Hand Weapons
 a - a +2 mace (weapon)
Missiles
 t - 6 boomerangs (quivered)
Armour
 b - a +1 pair of gloves (worn)
 d - a +0 robe
 g - a +0 ring mail
 m - a +0 helmet (worn)
 p - the +2 cloak "Nazu" (worn) {rN+}
   (You found it on level 2 of the Dungeon)

   rN:        It protects you from negative energy.
 s - a +0 ring mail of fire resistance (worn)
Scrolls
 f - a scroll of immolation {unknown}
 q - a scroll of teleportation
Potions
 c - a potion of might
 e - a potion of berserk rage {unknown}
 h - a potion of invisibility
 i - 2 potions of curing
 j - a potion of ambrosia
 k - a potion of lignification
 o - a potion of heal wounds


   Skills:
 + Level 3.3 Fighting
 + Level 3.3 Maces & Flails
 - Level 1.0 Throwing
 - Level 1.0 Dodging
 - Level 1.0 Stealth
 - Level 3.0 Spellcasting
 + Level 1.7 Summonings
 * Level 2.6 Air Magic
 - Level 1.4 Poison Magic


You had 6 spell levels left.
You knew the following spells:

 Your Spells              Type           Power      Damage    Failure   Level
a - Sting                 Tmut/Pois      20%        1d4       24%         1
b - Summon Lightning Spi  Summ/Air       11%        N/A       78%         4

Your spell library contained the following spells:

 Spells                   Type           Power      Damage    Failure   Level
 Swiftness                Air            13%        N/A       32%         3
 Ensorcelled Hibernation  Hex/Ice        6%         N/A       43%         2
 Passwall                 Tmut/Erth      2%         N/A       43%         2
 Ignite Poison            Fire/Tmut/Pois 4%         N/A       63%         3
 Confusing Touch          Hex            3%         N/A       67%         3
 Airstrike                Air            6%         N/A       71%         4
 Lightning Bolt           Conj/Air       4%         1d15      99%         5
 Yara's Violent Unravell  Hex/Tmut       1%         3d3       100%        5
 Enfeeble                 Hex            1%         N/A       100%        7


Dungeon Overview and Level Annotations

Branches:
Dungeon (4/15)             Temple (0/1) D:4

Shops:
D:4 *

Annotations:
D:4 Grinder


Innate Abilities, Weirdness & Mutations

You have an increased reservoir of magic. (+10% MP)
You shall have no god before yourself.
Your divine heritage dramatically boosts your attributes as you level up.


Message History

The iguana bites you but does no damage.
You hit the iguana.
The iguana is moderately wounded.
The iguana closely misses you. The iguana barely misses you.
Okay, then.
You hit the iguana but do no damage.
The iguana is moderately wounded.
The iguana closely misses you.
You hit the iguana.
The iguana is heavily wounded.
The iguana bites you but does no damage.
You hit the iguana.
The iguana is severely wounded.
The iguana barely misses you.
You closely miss the iguana.
The iguana is severely wounded.
The iguana bites you but does no damage.
You hit the iguana.
The iguana is almost dead.
The iguana barely misses you. The iguana closely misses you.
You hit the iguana but do no damage.
The iguana is almost dead.
The iguana bites you but does no damage.
You hit the iguana but do no damage.
The iguana is almost dead.
The iguana bites you.
* * * LOW HITPOINT WARNING * * *
You hit the iguana but do no damage.
The iguana is almost dead.
The iguana barely misses you.
You barely miss the iguana.
The iguana is almost dead.
The iguana bites you.
* * * LOW HITPOINT WARNING * * *
The iguana bites you.
* * * LOW HITPOINT WARNING * * *
You barely miss the iguana.
The iguana is almost dead.
The iguana bites you.
You die...

#.[..####*,,,,*,,*
**,,,,*,,,*,,,,*,,*
,*,,,,*,,.#....#,,*
,*,,,,*,,,'....',,*
.#,,,,+,,,#....#,,*
.#,,,,**+*#....##+#
.#,,,,*,,,#....#..#
.#,,,,#.,,#....#..#
.+.,,,#...#....#@.#
##..,,#...#...)l..#
....,,#...#....####
....,,.........#..#
...#######.....'..#
...##...##.....#..#
...#.....#.....#..#
...............#..#
...#.....#.....#..#


You could see an iguana.

Vanquished Creatures
  Eustachio (D:4)
  An ogre (D:4)
  Ijyb (D:3)
  Robin (D:1)
  7 adders
  2 worms
  4 dart slugs
  8 orcs (D:3)
  5 ball pythons
  3 endoplasms (D:1)
  2 giant cockroaches
  13 goblins
  9 hobgoblins
  3 jackals (D:3)
  5 kobolds
  4 quokkas
  7 bats
  6 rats
82 creatures vanquished.

Notes
Turn   | Place    | Note
-------+----------+-------------------------------------------
     0 | D:1      | zishaf the Demigod Wanderer began the quest for the Orb.
     0 | D:1      | zishaf set off with the following items: a +2 mace, a +0
                  | pair of gloves, a potion of might, a +0 robe; and the
                  | following spell memorised: Sting; and the following spells
                  | available to memorise: Ignite Poison
     0 | D:1      | Reached XP level 1. HP: 17/17 MP: 5/5
     2 | D:1      | You fall into a shaft and drop 1 floor!
   552 | D:1      | Reached XP level 2. HP: 23/24 MP: 7/7
   999 | D:2      | Noticed Robin
  1525 | D:1      | Killed Robin
  1526 | D:1      | Reached XP level 3. HP: 11/30 MP: 8/8
  2154 | D:2      | Reached XP level 4. HP: 35/37 MP: 10/10
  2159 | D:2      | Learned a level 4 spell: Summon Lightning Spire
  2233 | D:2      | Identified the +2 cloak "Nazu" {rN+}
  2842 | D:3      | Reached skill level 1 in Air Magic
  3038 | D:3      | Noticed Ijyb
  3076 | D:3      | Killed Ijyb
  3077 | D:3      | Reached XP level 5. HP: 27/44 MP: 11/11
  3842 | D:4      | Noticed Grinder
  3873 | D:4      | Noticed an ogre
  4070 | D:4      | Noticed Eustachio
  4088 | D:4      | Found Pumealoz's Gadget Gallery.
  4094 | D:4      | Killed Eustachio
  4095 | D:4      | Reached skill level 1 in Summonings
  4095 | D:4      | Reached XP level 6. HP: 19/51 MP: 11/13
  4380 | D:4      | Found a staircase to the Ecumenical Temple.
  4499 | D:4      | Slain by an iguana

Illustrated notes

Levels and vault maps discovered:
D:1:      minmay_arrival_shattered_statue, layout_loops_ring
D:2:      layout_loops_ring, shapermc_ecumenical_altar_ellora, uniq_robin
D:3:      layout_basic, mainiacjoe_overflow_brackets, st_stairs_11,
          kennysheep_generic_room_3, uniq_ijyb
D:4:      layout_gridville, temple_fountains, minmay_misc_feat_enclosed,
          nicolae_shop_gadgets, uniq_eustachio, uniq_sigmund, uniq_grinder

Skill      XL: |  1  2  3  4  5 |
---------------+----------------+-----
Fighting       | 2 3 |  3.3
Maces & Flails | 2 3 |  3.3
Spellcasting   | 2 3 |  3.0
Air Magic      | 1 2 |  2.6
Summonings     | 1 |  1.7
Throwing       | |  1.0
Dodging        | |  1.0
Stealth        | |  1.0
Poison Magic   | |  1.4

Action                   |  1- 3 |  4- 6 || total
-------------------------+-------+-------++-------
Melee: Mace              |   109 |   179 ||   288
       Punch             |       |     3 ||     3
Throw: Boomerang         |       |     3 ||     3
  Use: Scroll            |       |    11 ||    11
 Stab: Sleeping          |     1 |       ||     1
Armor: Ring mail         |    67 |   111 ||   178
       Robe              |     1 |       ||     1
Dodge: Dodged            |    71 |   103 ||   174

Table legend: (Time is in decaauts)
 A = Elapsed time spent in this place.
 B = Non-inter-level travel time spent in this place.
 C = Inter-level travel time spent in this place.
 D = Time resting spent in this place.
 E = Time spent auto-exploring this place.
 F = Levels seen in this place.
 G = Mean time per level.
                   A        B        C        D        E       F      G
               +--------+--------+--------+--------+--------+-----+--------+
         Total |   4582 |   4350 |    232 |    995 |   2227 |   4 | 1145.5 |
       Dungeon |   4582 |   4350 |    232 |    995 |   2227 |   4 | 1145.5 |
               +--------+--------+--------+--------+--------+-----+--------+

Top non-repeatable levels by time:
     D:1: 1816 daAuts
     D:3: 1253 daAuts
     D:2: 951 daAuts
     D:4: 560 daAuts
